[Event "Titled Tuesday Blitz February 07 Late 2023"]
[White "Carrasco Miranda, Andres"]
[Black "Toncheva, Nadya"]
[WhiteFideId "3405990"]
[BlackFideId "2924056"]
[WhiteElo "2240"]
[BlackElo "2295"]
[Result "1-0"]
[Round "02"]
[TimeControl "180+2"]
[Date "2023.02.07"]
[WhiteClock "0:00:28"]
[BlackClock "0:00:08"]

1. d4 d5 2. c4 c6 3. Nf3 Nf6 4. e3 e6 5. b3 Nbd7 6. Bd3 Bd6 7. Bb2 O-O 8. Ne5 dxc4 9. Nxc4 Bb4+ 10. Nbd2 c5 11. O-O Qe7 12. a3 Bxd2 13. Qxd2 b6 14. Rfd1 Bb7 15. Bf1 Rfd8 16. Qe2 Rac8 17. Rac1 cxd4 18. Rxd4 Nc5 19. Rxd8+ Rxd8 20. Qc2 Be4 21. Qc3 Qd7 22. f3 Bb7 23. Be2 Qb5 24. Rd1 Rxd1+ 25. Bxd1 Qd7 26. Qd4 Qxd4 27. Bxd4 Nfd7 28. b4 Na6 29. Ba4 Nf8 30. Nd6 Bd5 31. e4 Ba2 32. Nc8 Nc7 33. Nxa7 f6 34. Bxb6 Na8 35. Bd8 e5 36. b5 Ne6 37. Ba5 Nd4 38. b6 Nxb6 39. Bxb6 Ne2+ 40. Kf2 Nc3 41. Bc6 Bb3 42. Nb5 Nd1+ 43. Ke1 Nb2 44. Nc3 Nc4 45. Bd5+ Kf8 46. Bxc4 Bxc4 47. a4 Ke7 48. a5 Kd6 49. Nd5 Bxd5 50. exd5 Kxd5 51. a6 Kc6 52. Bc5 Kc7 53. Bf8 g6 54. Bg7 f5 55. Bxe5+ Kb6 56. Kf2 Kxa6 57. Kg3 Kb7 58. Kh4 h6 59. Bg7 Kc7 60. Bxh6 Kd6 61. Kg5 Ke5 1-0


[Site "https://www.chess.com"]

[Event "Titled Tuesday Blitz February 07 Late 2023"]
[White "Krallis, Christos"]
[Black "Todev, Simeon"]
[WhiteFideId "4298896"]
[BlackFideId "2925133"]
[WhiteElo "2344"]
[BlackElo "2033"]
[Result "1-0"]
[Round "02"]
[TimeControl "180+2"]
[Date "2023.02.07"]
[WhiteClock "0:00:22"]
[BlackClock "0:00:03"]

1. d4 g6 2. e4 Bg7 3. Nc3 d6 4. Be3 Nd7 5. Qd2 e5 6. dxe5 Nxe5 7. f3 Nf6 8. O-O-O O-O 9. g4 a6 10. h4 b5 11. h5 b4 12. Nb1 Be6 13. hxg6 fxg6 14. b3 Nxf3 15. Nxf3 Nxe4 16. Qh2 Rxf3 17. Qxh7+ Kf7 18. Bd3 Bd5 19. Rdf1 Qf6 20. Rxf3 Qxf3 21. Rf1 Qxf1+ 22. Bxf1 Rh8 23. Qxh8 Bxh8 24. Bxa6 Be6 25. Be2 Nf6 26. g5 Nd5 27. Bd2 c5 28. a4 bxa3 29. Nxa3 Bc3 30. Nc4 Bxd2+ 31. Kxd2 Ke7 32. Bf3 Nf4 33. Ne3 Nh3 34. Bg2 Nxg5 35. Kc1 Kf6 36. Kb2 Ke5 37. c3 Ne4 38. b4 cxb4 39. cxb4 Nf2 40. b5 Nd3+ 41. Kc3 Nf4 42. b6 Nxg2 43. b7 Nxe3 44. b8=Q Nd5+ 45. Kd2 Nf6 46. Qb2+ Kf5 47. Qc2+ Ne4+ 48. Ke3 d5 49. Qh2 g5 50. Kd4 Nf6 51. Qe5+ Kg6 52. Qxe6 g4 53. Ke5 g3 54. Qxf6+ Kh5 55. Kf4 g2 56. Qg5# 1-0


[Site "https://www.chess.com"]

[Event "Titled Tuesday Blitz February 07 Late 2023"]
[White "Malicka, Maria"]
[Black "Prem, Pranav"]
[WhiteFideId "1197576"]
[BlackFideId "30901057"]
[WhiteElo "2255"]
[BlackElo "2061"]
[Result "0-1"]
[Round "02"]
[TimeControl "180+2"]
[Date "2023.02.07"]
[WhiteClock "0:02:03"]
[BlackClock "0:01:41"]

1. g3 d5 2. Bg2 Nf6 3. Nf3 c5 4. O-O Nc6 5. d3 e5 6. e4 d4 7. Nfd2 Be7 8. a4 O-O 9. Na3 a6 10. Nac4 b6 11. f4 Nd7 12. f5 Bg5 13. h4 Bh6 14. Qh5 Bb7 15. Nd6 Be3+ 16. Kh2 Rb8 17. Nxb7 Rxb7 18. Nc4 Bxc1 19. Raxc1 b5 20. Nd2 bxa4 21. Nc4 Na5 22. Nxa5 Qxa5 23. f6 Nxf6 24. Qxe5 Ng4+ 0-1


[Site "https://www.chess.com"]

[Event "Titled Tuesday Blitz February 07 Late 2023"]
[White "Krishnan, Varun"]
[Black "Fathy, Elameir"]
[WhiteFideId "5054508"]
[BlackFideId "10600396"]
[WhiteElo "2341"]
[BlackElo "2300"]
[Result "0-1"]
[Round "02"]
[TimeControl "180+2"]
[Date "2023.02.07"]
[WhiteClock "0:00:10"]
[BlackClock "0:00:18"]

1. d4 d5 2. c4 e6 3. Nf3 c6 4. Nbd2 Nf6 5. g3 c5 6. cxd5 exd5 7. Bg2 Nc6 8. dxc5 Bxc5 9. O-O O-O 10. Nb3 Bb6 11. Bg5 h6 12. Bxf6 Qxf6 13. Qd2 a5 14. Rfd1 a4 15. Nbd4 Bg4 16. Rac1 a3 17. b4 Rfe8 18. h3 Nxd4 19. Nxd4 Bxe2 20. Nxe2 Qxf2+ 21. Kh2 Rxe2 22. Qxd5 Rxa2 23. Rf1 Qxg2+ 24. Qxg2 Rxg2+ 25. Kxg2 a2 26. Rfd1 Bd8 27. Ra1 Bf6 28. Kf3 Ra3+ 29. Kf2 g6 30. b5 h5 31. h4 Be5 32. Rg1 Kg7 33. Ke2 Bxa1 34. Rxa1 Rxg3 35. Rxa2 Rg2+ 0-1


[Site "https://www.chess.com"]

[Event "Titled Tuesday Blitz February 07 Late 2023"]
[White "Rose, Felix"]
[Black "Brilej, Jaka"]
[WhiteFideId "5105722"]
[BlackFideId "14618818"]
[WhiteElo "2091"]
[BlackElo "2321"]
[Result "0-1"]
[Round "02"]
[TimeControl "180+2"]
[Date "2023.02.07"]
[WhiteClock "0:00:03"]
[BlackClock "0:00:18"]

1. e4 d6 2. d4 Nf6 3. Nc3 g6 4. Nf3 Bg7 5. h3 c6 6. a4 Na6 7. Be3 Nb4 8. Be2 O-O 9. Qd2 a5 10. O-O Qc7 11. Rfe1 e5 12. dxe5 dxe5 13. Bc4 Bd7 14. Bc5 Rfd8 15. Qe2 Be8 16. Bb3 Nd7 17. Be3 Bf8 18. Nd1 Nc5 19. Bxc5 Bxc5 20. c3 Nd3 21. Rf1 Be7 22. g3 Kg7 23. Ne3 Nc5 24. Bc2 Bd7 25. Nc4 Bxh3 26. Ncxe5 Bxf1 27. Rxf1 Ne6 28. Bb3 Bd6 29. Nxf7 Bxg3 30. Bxe6 Re8 31. Bb3 Bf4 32. N7g5 Qc8 33. Qc4 Qg4+ 34. Kh1 Bxg5 35. Qf7+ Kh6 36. Nxg5 Qh4+ 37. Kg2 Qxg5+ 38. Kf3 Rf8 39. Rh1+ Qh5+ 40. Rxh5+ Kxh5 41. Qxf8 Rxf8+ 42. Ke3 Kg5 43. e5 h5 44. e6 h4 45. f4+ Kf6 0-1


[Site "https://www.chess.com"]

[Event "Titled Tuesday Blitz February 07 Late 2023"]
[White "Sonnenschein, Philipp"]
[Black "Szente Varga, Fruzsina"]
[WhiteFideId "16250877"]
[BlackFideId "712264"]
[WhiteElo "2224"]
[BlackElo "2075"]
[Result "0-1"]
[Round "02"]
[TimeControl "180+2"]
[Date "2023.02.07"]
[WhiteClock "0:00:02"]
[BlackClock "0:00:12"]

1. e4 Nf6 2. e5 Nd5 3. d4 d6 4. c4 Nb6 5. exd6 exd6 6. Nc3 Be7 7. Bd3 O-O 8. Nge2 Bf6 9. O-O Nc6 10. Be3 Bg4 11. f3 Bh5 12. Qd2 Bg6 13. b3 Bxd3 14. Qxd3 Nb4 15. Qd2 Re8 16. Rad1 a5 17. Ng3 d5 18. c5 Nc8 19. Nh5 Be7 20. Bh6 g6 21. Nf4 c6 22. a3 Na6 23. Nd3 Bf6 24. Ne2 Ne7 25. Bf4 Nf5 26. Ne5 Nxc5 27. Nxc6 Nxb3 28. Nxd8 Nxd2 29. Rxd2 Raxd8 30. Rb1 Rd7 31. Rb5 g5 32. Bg3 Ne3 33. Rdb2 Nc4 34. Ra2 Re3 35. a4 Rd3 36. f4 g4 37. Kf1 h5 38. Ke1 h4 39. Bf2 Re7 40. Rxd5 g3 41. hxg3 hxg3 42. Bg1 Kg7 43. Rc2 Ne3 44. Bxe3 Rdxe3 45. Kd1 R3e4 46. Rxa5 Rd7 47. d5 Re3 48. Kd2 Rde7 49. Rb5 R3e4 50. Nc3 Bxc3+ 51. Rxc3 Re2+ 52. Kd3 Rxg2 53. Rcb3 Rd7 54. Rxb7 Rxd5+ 55. Ke4 Ra5 56. Rc3 Rxa4+ 57. Kf3 Rf2+ 58. Kxg3 Rfxf4 59. Rcc7 Rf6 60. Kg2 Ra5 61. Kg3 Rg5+ 62. Kh4 Rg1 63. Rc5 Rh6+ 64. Rh5 Rh1+ 65. Kg4 R1xh5 0-1


[Site "https://www.chess.com"]

[Event "Titled Tuesday Blitz February 07 Late 2023"]
[White "Lopez Del Alamo, Antonio"]
[Black "Reprintsev, Alexander"]
[WhiteFideId "2227339"]
[BlackFideId "14100541"]
[WhiteElo "2280"]
[BlackElo "2253"]
[Result "1/2-1/2"]
[Round "02"]
[TimeControl "180+2"]
[Date "2023.02.07"]
[WhiteClock "0:00:19"]
[BlackClock "0:00:58"]

1. e4 d5 2. exd5 Qxd5 3. Nc3 Qa5 4. d4 Nf6 5. Nf3 Nc6 6. Bb5 Ne4 7. Bd2 Nxc3 8. Bxc6+ bxc6 9. Bxc3 Qd5 10. O-O Bg4 11. h3 Bxf3 12. Qxf3 Qxf3 13. gxf3 e6 14. Rfe1 Kd7 15. Rad1 Bd6 16. b3 Rhb8 17. Bb2 a5 18. a4 Ke7 19. Re4 Rb4 20. Re2 Rd8 21. Rd3 Rb6 22. Bc3 Bb4 23. Bb2 Rd5 24. c3 Bd6 25. c4 Rg5+ 26. Kf1 Rb8 27. Bc1 Rh5 28. Kg2 c5 29. d5 e5 30. Bd2 Ra8 31. f4 f6 32. Bc3 Kd7 33. fxe5 Bxe5 34. Bxe5 fxe5 35. Rg3 g6 36. Rge3 Kd6 37. f4 exf4 38. Re7 f3+ 39. Kxf3 Rf8+ 40. Kg4 Rf6 41. R2e6+ Rxe6 42. Rxe6+ Kd7 43. Ra6 Re5 44. Rxa5 Re3 45. Rb5 h6 46. a5 Kd6 47. a6 Re4+ 48. Kf3 Re8 49. a7 Ra8 50. Ra5 Ke5 51. Ke3 g5 52. Ra6 h5 53. Ra5 g4 54. hxg4 hxg4 55. Ra6 Kf5 56. Kf2 Kf4 57. Kg2 g3 58. Ra5 Kg4 59. Ra6 Kf4 60. Rf6+ Ke5 61. Re6+ Kf4 62. Ra6 Kg4 63. Rg6+ Kf5 64. Rg7 Rxa7 65. Kxg3 Ke5 66. Rd7 Ra3 67. Rxc7 Rxb3+ 68. Kg4 Kd4 69. d6 Kxc4 70. d7 Rd3 71. Kf5 Kb3 72. Ke6 c4 73. Rb7+ Ka3 74. Rc7 Kb3 75. Ke7 c3 76. d8=Q Rxd8 77. Kxd8 c2 78. Rxc2 Kxc2 1/2-1/2


[Site "https://www.chess.com"]

[Event "Titled Tuesday Blitz February 07 Late 2023"]
[White "Ozdemir, Serhan Berat"]
[Black "Van Dael, Siem"]
[WhiteFideId "6374611"]
[BlackFideId "1049771"]
[WhiteElo "2223"]
[BlackElo "2319"]
[Result "0-1"]
[Round "02"]
[TimeControl "180+2"]
[Date "2023.02.07"]
[WhiteClock "0:00:04"]
[BlackClock "0:00:09"]

1. e4 c5 2. Nf3 d6 3. d4 cxd4 4. Nxd4 Nf6 5. Nc3 a6 6. Bg5 Nbd7 7. f4 g6 8. Qe2 Bg7 9. O-O-O O-O 10. e5 dxe5 11. fxe5 Qa5 12. Bxf6 exf6 13. e6 Ne5 14. Nb3 Qb6 15. e7 Re8 16. Nd5 Qc6 17. Na5 Bg4 18. Nxc6 Bxe2 19. Bxe2 Nxc6 20. Nc7 Rxe7 21. Nxa8 Rxe2 22. Rhg1 Bh6+ 23. Kb1 Kg7 24. Rde1 Rf2 25. Nb6 Nd4 26. c3 Nf5 27. g4 Nh4 28. Ref1 Rxh2 29. Rh1 Rxh1 30. Rxh1 Nf3 31. Nd5 Ne5 32. Rd1 Bg5 33. b4 Nxg4 34. c4 Nf2 35. Rd4 f5 36. c5 Ne4 37. c6 bxc6 38. Ne7 Bxe7 39. Rc4 c5 40. bxc5 Bxc5 41. Ra4 Be3 42. Rxa6 f4 43. Ra3 f5 44. Rb3 Nd2+ 45. Kc2 Nxb3 46. Kxb3 f3 0-1


[Site "https://www.chess.com"]

[Event "Titled Tuesday Blitz February 07 Late 2023"]
[White "Olsson, William"]
[Black "TheKnightOfBosnia"]
[WhiteFideId "1741721"]
[WhiteElo "2355"]
[BlackElo "2526"]
[Result "0-1"]
[Round "02"]
[TimeControl "180+2"]
[Date "2023.02.07"]
[WhiteClock "0:00:03"]
[BlackClock "0:00:10"]

1. c4 c5 2. g3 g6 3. Bg2 Bg7 4. Nc3 Nc6 5. a3 e6 6. b4 cxb4 7. axb4 Nxb4 8. Ba3 Nc6 9. Nb5 Nge7 10. Nd6+ Kf8 11. Rb1 Qa5 12. Qc1 Nd4 13. Bb4 Qa4 14. Bc3 Nec6 15. Be4 f5 16. Bd3 Ke7 17. Nb5 a6 18. Nxd4 Bxd4 19. Qb2 Bxc3 20. Qxc3 e5 21. Nf3 d6 22. O-O Qa5 23. Qc2 e4 24. Bxe4 fxe4 25. Qxe4+ Kd8 26. Nd4 Nxd4 27. Qxd4 Qe5 28. Qb6+ Kd7 29. d4 Qe4 30. c5 Qc6 31. Qb4 Re8 32. Rfe1 d5 33. Qd2 Qf6 34. Rb6 Re6 35. Rb3 Kd8 36. Rf3 Qe7 37. Qa2 Bd7 38. Qxd5 Kc7 39. Rb3 Bc6 40. Qc4 Rd8 41. e3 Bd5 42. Qb4 Bxb3 43. Qxb3 Qd7 44. Rb1 Qc6 45. f3 Rf6 46. f4 Re6 47. Kf2 Qd5 48. Qb4 Rde8 49. Rb2 Rxe3 50. Qb6+ Kc8 51. c6 Qf3+ 52. Kg1 Re1# 0-1


[Site "https://www.chess.com"]

[Event "Titled Tuesday Blitz February 07 Late 2023"]
[White "Rangel, Daniel"]
[Black "Ruiz Aguilar, Pablo Alexander"]
[WhiteFideId "2124475"]
[BlackFideId "4401352"]
[WhiteElo "2207"]
[BlackElo "2161"]
[Result "0-1"]
[Round "02"]
[TimeControl "180+2"]
[Date "2023.02.07"]
[WhiteClock "0:00:59"]
[BlackClock "0:00:07"]

1. d4 d5 2. c4 c6 3. Nc3 Nf6 4. Bg5 e6 5. Bxf6 Qxf6 6. e3 h6 7. Nf3 Bd6 8. Bd3 Nd7 9. O-O O-O 10. e4 dxc4 11. e5 Qd8 12. Bxc4 Be7 13. Bb3 c5 14. d5 exd5 15. Nxd5 Nb6 16. Nxe7+ Qxe7 17. Bc2 Rd8 18. Qe2 c4 19. Qe4 g6 20. h4 Bf5 21. Qe2 Bg4 22. Rfe1 Nd5 23. Rad1 Nf4 24. Qxc4 Bxf3 25. Rxd8+ Rxd8 26. Qxf4 Bd5 27. Qxh6 Bxa2 28. e6 Bxe6 29. Bxg6 fxg6 30. Qxg6+ Kh8 31. Rxe6 Rd1+ 32. Kh2 Qxh4# 0-1


[Site "https://www.chess.com"]

[Event "Titled Tuesday Blitz February 07 Late 2023"]
[White "EdmundPlayer"]
[Black "Riff, Vincent"]
[BlackFideId "617776"]
[WhiteElo "2275"]
[BlackElo "2383"]
[Result "0-1"]
[Round "02"]
[TimeControl "180+2"]
[Date "2023.02.07"]
[WhiteClock "0:00:01"]
[BlackClock "0:00:26"]

1. e4 c5 2. Nf3 Nc6 3. Bb5 d6 4. Bxc6+ bxc6 5. O-O e5 6. Re1 g5 7. d3 g4 8. Nfd2 h5 9. Nf1 h4 10. f4 exf4 11. Bxf4 Bg7 12. Nc3 Be6 13. Ne3 g3 14. hxg3 hxg3 15. Nf5 Bd4+ 16. Nxd4 Qh4 17. Bxg3 Qxg3 18. Nf5 Qh2+ 19. Kf2 Qf4+ 20. Kg1 O-O-O 21. Qf3 Qxf3 22. gxf3 Bxf5 23. exf5 Nh6 24. f6 Nf5 25. Kf2 Rh2+ 26. Kg1 Rxc2 27. Re2 Rg8+ 28. Kf2 Rxe2+ 29. Nxe2 Rg6 30. Rg1 Rxf6 31. Rg8+ Kc7 32. Ra8 Nh4 33. Rxa7+ Kb6 34. Re7 Rxf3+ 35. Ke1 d5 36. Kd2 Rf6 37. Rd7 d4 38. Ng3 Rf2+ 39. Ne2 Nf3+ 40. Kd1 Ne5 41. Nc1 Nxd7 0-1


[Site "https://www.chess.com"]

[Event "Titled Tuesday Blitz February 07 Late 2023"]
[White "Mendez Fortes, Eduardo Jesus"]
[Black "Pniaczek, Marek"]
[WhiteFideId "3502376"]
[BlackFideId "21800421"]
[WhiteElo "2250"]
[BlackElo "2228"]
[Result "1-0"]
[Round "02"]
[TimeControl "180+2"]
[Date "2023.02.07"]
[WhiteClock "0:00:53"]
[BlackClock "0:00:03"]

1. e4 e5 2. Nf3 Nc6 3. Bb5 a6 4. Ba4 Nf6 5. O-O Nxe4 6. d4 b5 7. Bb3 d5 8. dxe5 Be6 9. c3 Be7 10. Nbd2 O-O 11. Bc2 f5 12. Nb3 Qd7 13. Nbd4 Nxd4 14. Nxd4 c5 15. Nxe6 Qxe6 16. f3 Ng5 17. Bb3 c4 18. Bc2 f4 19. Qe2 Rad8 20. g4 fxg3 21. f4 Nh3+ 22. Kh1 Nf2+ 23. Kg1 Qh3 24. Rxf2 gxf2+ 25. Qxf2 Bg5 26. Qg3 Qxg3+ 27. hxg3 Be7 28. Be3 g5 29. f5 Rc8 30. Kg2 h6 31. Rh1 Rc6 32. f6 Bxf6 33. exf6 Rcxf6 34. Bd4 Re6 35. Bd1 Kh7 36. Bf3 Rd8 37. Bg4 Ree8 38. Bf5+ Kg8 39. Rxh6 Re2+ 40. Kf3 Rde8 41. Bg6 1-0


[Site "https://www.chess.com"]

[Event "Titled Tuesday Blitz February 07 Late 2023"]
[White "Slade, Theodore"]
[Black "Georg, Heinz"]
[WhiteFideId "426547"]
[BlackFideId "4607295"]
[WhiteElo "1995"]
[BlackElo "2107"]
[Result "0-1"]
[Round "02"]
[TimeControl "180+2"]
[Date "2023.02.07"]
[WhiteClock "0:00:59"]
[BlackClock "0:01:20"]

1. d4 f5 2. g3 Nf6 3. Bg2 g6 4. Nf3 Bg7 5. O-O O-O 6. c4 d6 7. Nc3 Qe8 8. d5 a5 9. Qc2 Na6 10. e4 fxe4 11. Nxe4 Nxe4 12. Qxe4 Nc5 13. Qe2 e5 14. Be3 b6 15. Ng5 Kh8 16. b3 e4 17. Rad1 h6 18. Nh3 Bd7 19. Bxc5 bxc5 20. Nf4 g5 21. Nh5 Bd4 22. Bxe4 Bh3 23. Rfe1 Rxf2 24. Qxf2 Bxf2+ 25. Kxf2 Qxh5 26. Kg1 Re8 27. Bd3 Rxe1+ 28. Rxe1 Qf7 29. Re3 Kg7 30. Be2 Qf6 31. g4 Qd4 32. Kf2 Bxg4 33. Bxg4 Qxg4 34. Re7+ Kf6 35. Rxc7 Qf4+ 36. Kg2 Qd2+ 37. Kg3 Qxa2 38. Rd7 Ke5 39. Re7+ Kf5 40. Re6 Qxb3+ 41. Kg2 Qxc4 42. Rxd6 Qf4 43. Rd8 c4 44. Rf8+ Ke5 45. Rxf4 gxf4 0-1


[Site "https://www.chess.com"]

[Event "Titled Tuesday Blitz February 07 Late 2023"]
[White "Osmonbekov, Talaibek"]
[Black "Sivakumar, Shaaketh"]
[WhiteFideId "2017253"]
[BlackFideId "30940176"]
[WhiteElo "2137"]
[BlackElo "2337"]
[Result "0-1"]
[Round "02"]
[TimeControl "180+2"]
[Date "2023.02.07"]
[WhiteClock "0:00:26"]
[BlackClock "0:02:01"]

1. d4 e6 2. Bf4 b6 3. Nc3 Bb7 4. e4 Bb4 5. Bd3 Nf6 6. Qe2 c5 7. d5 O-O 8. O-O-O Bxc3 9. bxc3 exd5 10. exd5 Bxd5 11. Bg5 Bxg2 12. Nf3 Bxh1 13. Rxh1 h6 14. Bh4 Qe8 15. Qd2 Ne4 16. Qf4 Nxc3 17. Rg1 Ne2+ 18. Bxe2 Qxe2 19. Qxh6 Qf1+ 20. Rxf1 gxh6 21. Bf6 Kh7 22. Rd1 Re8 23. Be5 Nc6 24. Bg3 Rad8 25. Bc7 Rc8 26. Rxd7 Re7 27. Rxe7 Nxe7 28. Be5 Ng6 29. Bf6 Rc6 30. Bc3 Re6 31. Kd2 Nf4 32. Ne5 f6 33. Ng4 Re2+ 34. Kd1 f5 35. Nf6+ Kg6 36. Nd5 Nxd5 37. Kxe2 Nxc3+ 38. Kd3 Nxa2 0-1


[Site "https://www.chess.com"]

[Event "Titled Tuesday Blitz February 07 Late 2023"]
[White "Marczuk, Dominik"]
[Black "Fajdetic, Hrvoje"]
[WhiteFideId "1111264"]
[BlackFideId "14501945"]
[WhiteElo "2253"]
[BlackElo "2151"]
[Result "0-1"]
[Round "02"]
[TimeControl "180+2"]
[Date "2023.02.07"]
[WhiteClock "0:00:02"]
[BlackClock "0:00:54"]

1. e4 c5 2. Nf3 a6 3. c3 d5 4. exd5 Qxd5 5. d4 Bg4 6. Be2 e6 7. O-O Nf6 8. Be3 Nbd7 9. h3 Bh5 10. c4 Qd6 11. Nc3 cxd4 12. Nxd4 Bxe2 13. Qxe2 Be7 14. Rfd1 Qc7 15. Rac1 O-O 16. b3 Bc5 17. Nf3 Rad8 18. Bxc5 Nxc5 19. Ne5 Rxd1+ 20. Rxd1 Rd8 21. Rxd8+ Qxd8 22. Qd1 Qxd1+ 23. Nxd1 Nfd7 24. Nxd7 Nxd7 25. f3 Kf8 26. Kf2 Ke7 27. Ke3 Kd6 28. b4 b6 29. Nc3 f5 30. f4 h6 31. h4 e5 32. fxe5+ Kxe5 33. a4 g5 34. hxg5 hxg5 35. a5 f4+ 36. Kd3 bxa5 37. bxa5 Nc5+ 38. Ke2 Kd4 39. Nd5 Kxc4 40. Nf6 Kb5 41. Kf3 Kxa5 42. Kg4 Ne6 43. Kf5 Nd4+ 44. Kxg5 Ne2 45. Nd5 Kb5 0-1


[Site "https://www.chess.com"]

[Event "Titled Tuesday Blitz February 07 Late 2023"]
[White "Kokoszczynski, Jan"]
[Black "Alexikov, Alexander"]
[WhiteFideId "1174460"]
[BlackFideId "14103958"]
[WhiteElo "2247"]
[BlackElo "2209"]
[Result "1-0"]
[Round "02"]
[TimeControl "180+2"]
[Date "2023.02.07"]
[WhiteClock "0:00:29"]
[BlackClock "0:00:09"]

1. e4 c5 2. Nf3 d6 3. d4 cxd4 4. Qxd4 a6 5. c4 Nc6 6. Qe3 Nf6 7. h3 g6 8. Be2 Bg7 9. O-O O-O 10. Rd1 Qa5 11. Nc3 Be6 12. Nd5 Rac8 13. Bd2 Qc5 14. Qd3 Bxd5 15. exd5 Nb8 16. Be3 Qc7 17. Rac1 Nbd7 18. b4 b6 19. Nd4 Ne5 20. Qb3 a5 21. a3 axb4 22. axb4 Qb7 23. f4 Ned7 24. Nc6 Rfe8 25. Ra1 Ra8 26. Rxa8 Qxa8 27. Bd4 e6 28. Bf3 exd5 29. cxd5 b5 30. Ra1 Qc8 31. Qd3 Kf8 32. Qxb5 1-0


[Site "https://www.chess.com"]

[Event "Titled Tuesday Blitz February 07 Late 2023"]
[White "Schekachikhin, Maksim"]
[Black "Gardezi, Arsal"]
[WhiteFideId "24177830"]
[BlackFideId "30949521"]
[WhiteElo "2371"]
[BlackElo "2093"]
[Result "1-0"]
[Round "02"]
[TimeControl "180+2"]
[Date "2023.02.07"]
[WhiteClock "0:00:36"]
[BlackClock "0:00:03"]

1. b3 d5 2. Bb2 c5 3. Nf3 Nc6 4. e3 f6 5. Bb5 e5 6. O-O Be6 7. d4 e4 8. Nfd2 f5 9. c4 Nf6 10. Nc3 a6 11. cxd5 Bxd5 12. Nxd5 Qxd5 13. Bc4 Qd7 14. d5 Nxd5 15. Nxe4 O-O-O 16. Ng5 h6 17. Qxd5 Qxd5 18. Bxd5 Rxd5 19. Ne6 Rd7 20. Rad1 Bd6 21. Nxg7 Rg8 22. Nxf5 Be5 23. Bxe5 Nxe5 24. Rxd7 Kxd7 25. Rd1+ Ke6 26. e4 h5 27. Kf1 Nf7 28. f3 Rc8 29. Ne3 Nd6 30. Nd5 Nb5 31. Nf4+ Ke5 32. Nxh5 Nc3 33. Rd2 Rh8 34. g4 b5 35. Ng3 Rf8 36. Nf5 Rh8 37. h4 c4 38. bxc4 bxc4 39. Rc2 1-0


[Site "https://www.chess.com"]

[Event "Titled Tuesday Blitz February 07 Late 2023"]
[White "Jeziel_Vale"]
[Black "Gschnitzer, Adrian"]
[BlackFideId "1270337"]
[WhiteElo "2276"]
[BlackElo "2432"]
[Result "1-0"]
[Round "02"]
[TimeControl "180+2"]
[Date "2023.02.07"]
[WhiteClock "0:00:17"]
[BlackClock "0:00:10"]

1. d4 Nf6 2. c4 c5 3. d5 b5 4. cxb5 a6 5. bxa6 g6 6. Nc3 Bg7 7. e4 O-O 8. Nf3 Qa5 9. Bd2 Bxa6 10. Be2 Qb4 11. Rb1 Nxe4 12. O-O Nxd2 13. Qxd2 d6 14. Rfe1 Ra7 15. a3 Qb3 16. h4 Bxc3 17. bxc3 Qa4 18. Qh6 f6 19. Bxa6 Nxa6 20. Re6 Qxa3 21. Rbe1 Rf7 22. Rxd6 Ra8 23. Rd7 Qxc3 24. Rexe7 Rxe7 25. Rxe7 Qa1+ 26. Kh2 f5 27. Qxh7+ Kf8 28. Qf7# 1-0


[Site "https://www.chess.com"]

[Event "Titled Tuesday Blitz February 07 Late 2023"]
[White "Toktomushev, Teimur"]
[Black "Karwowski, Kacper"]
[WhiteFideId "14176726"]
[BlackFideId "1126032"]
[WhiteElo "2239"]
[BlackElo "2164"]
[Result "0-1"]
[Round "02"]
[TimeControl "180+2"]
[Date "2023.02.07"]
[WhiteClock "0:00:02"]
[BlackClock "0:00:37"]

1. d4 d5 2. c4 c6 3. Nc3 Nf6 4. e3 e6 5. Nf3 Nbd7 6. Qc2 Bd6 7. Bd3 O-O 8. O-O dxc4 9. Bxc4 b5 10. Bd3 Bb7 11. e4 e5 12. dxe5 Nxe5 13. Nxe5 Bxe5 14. h3 a6 15. Be3 Rc8 16. f4 Bd4 17. Bxd4 Qxd4+ 18. Kh2 c5 19. e5 c4 20. Bf5 Nd5 21. Rad1 Ne3 22. Rxd4 Nxc2 23. Bxc2 b4 24. Nd5 Rfd8 25. Rfd1 Bxd5 26. Rxd5 Rxd5 27. Rxd5 g6 28. Kg3 c3 29. b3 Kf8 30. Kf2 Ke7 31. Ke2 Ke6 32. Rd6+ Ke7 33. Rd4 Rb8 34. Be4 Rb5 35. Rc4 Ra5 36. Rxb4 Rxa2+ 37. Kd3 c2 38. Rc4 f5 39. exf6+ Kxf6 40. Rc6+ Ke7 41. Rxc2 Ra3 42. Rc7+ Kd6 43. Kc3 Kxc7 44. g4 Ra1 45. f5 gxf5 46. Bxf5 h6 47. h4 Rg1 48. Kd4 Kd6 0-1


[Site "https://www.chess.com"]

[Event "Titled Tuesday Blitz February 07 Late 2023"]
[White "Koutlas, Nikolaos"]
[Black "Vaglio Munoz, Jaime"]
[WhiteFideId "25827138"]
[BlackFideId "6500145"]
[WhiteElo "2341"]
[BlackElo "2174"]
[Result "1-0"]
[Round "02"]
[TimeControl "180+2"]
[Date "2023.02.07"]
[WhiteClock "0:00:10"]
[BlackClock "0:00:19"]

1. Nf3 d6 2. g3 e5 3. Bg2 Bd7 4. d3 Bc6 5. O-O g6 6. c4 Bg7 7. Nc3 f5 8. Rb1 a5 9. a3 Nf6 10. b4 b6 11. b5 Bb7 12. Ng5 Bxg2 13. Ne6 Qe7 14. Nxg7+ Qxg7 15. Kxg2 O-O 16. h3 Nbd7 17. e3 Rae8 18. Bb2 h5 19. Rc1 Kh7 20. Nd5 Nc5 21. d4 Nce4 22. dxe5 dxe5 23. Nxf6+ Qxf6 24. Qe2 Nc5 25. Rfd1 Qe6 26. Rd5 Rf7 27. Rxe5 Qd7 28. Rd1 Qc8 29. Rxe8 Qxe8 30. Qf3 Ne4 31. Qf4 Qe6 32. Rd8 g5 33. Qf3 g4 34. Rh8+ Kg6 35. Qf4 Rh7 36. Rxh7 Kxh7 37. hxg4 hxg4 38. Qxc7+ Kh6 39. Qg7+ Kh5 40. Qe5 Qd7 41. Bd4 Ng5 42. Qh8+ Kg6 43. Qg8+ Kh5 44. Qd5 Qc8 45. Bxb6 Qe8 46. Bd4 Kg6 47. b6 Ne4 48. b7 Qb8 49. Qe6+ Kg5 50. Be5 Qxb7 51. Bf4+ Kh5 52. Qh6# 1-0


[Site "https://www.chess.com"]

[Event "Titled Tuesday Blitz February 07 Late 2023"]
[White "Tinmaz, Kerem"]
[Black "Girsh, Daniel"]
[WhiteFideId "44559151"]
[BlackFideId "30949190"]
[WhiteElo "2177"]
[BlackElo "2123"]
[Result "0-1"]
[Round "02"]
[TimeControl "180+2"]
[Date "2023.02.07"]
[WhiteClock "0:00:03"]
[BlackClock "0:01:13"]

1. e4 c6 2. Nf3 d5 3. d3 Bg4 4. h3 Bxf3 5. Qxf3 e6 6. g3 Nd7 7. Bg2 Ngf6 8. O-O Bc5 9. Be3 Qb6 10. Bxc5 Qxc5 11. Qe2 dxe4 12. dxe4 e5 13. Na3 O-O 14. Rad1 Rfd8 15. Nc4 Nb6 16. Ne3 g6 17. h4 Na4 18. c3 Kg7 19. Bf3 h5 20. Qc2 b5 21. Rxd8 Rxd8 22. Rd1 Rxd1+ 23. Bxd1 a5 24. Be2 Qd6 25. c4 Qd4 26. cxb5 cxb5 27. Bxb5 Nxb2 28. a4 Nxe4 29. Bd3 Nxd3 0-1


[Site "https://www.chess.com"]

[Event "Titled Tuesday Blitz February 07 Late 2023"]
[White "Seletsky, Grigory"]
[Black "Stolz, Mike"]
[WhiteFideId "14112191"]
[BlackFideId "4617134"]
[WhiteElo "2259"]
[BlackElo "2330"]
[Result "1-0"]
[Round "02"]
[TimeControl "180+2"]
[Date "2023.02.07"]
[WhiteClock "0:01:20"]
[BlackClock "0:00:25"]

1. e4 c5 2. Nf3 e6 3. d3 Nc6 4. Nbd2 a6 5. g3 b5 6. Bg2 Bb7 7. O-O Nf6 8. Re1 d6 9. c3 Be7 10. d4 O-O 11. Qe2 e5 12. d5 Nb8 13. c4 b4 14. a4 Nfd7 15. b3 f5 16. exf5 Rxf5 17. Ne4 Rf8 18. Neg5 Bxg5 19. Nxg5 Qf6 20. Be4 h6 21. Nh7 Qf7 22. Nxf8 Qxf8 23. f4 a5 24. Rf1 Qe7 25. Bb2 Na6 26. Rae1 Re8 27. Bf5 Nab8 28. Be6+ Kh8 29. f5 Nf6 30. g4 Nh7 31. Bc1 Qh4 32. Kg2 Na6 33. Qf3 Nc7 34. Qg3 Qf6 35. Kg1 Ng5 36. h4 Ngxe6 37. fxe6 Qe7 38. g5 h5 39. Rf7 1-0


[Site "https://www.chess.com"]